 Dungeon Crawl Stone Soup version 0.32-a0-433-g08bcfe7efd (webtiles) character file.

Game seed: 7558422423298469257

1 innerfire43 the Trooper (level 1, -1/21 HPs)
             Began as a Demonspawn Wanderer on Feb 22, 2024.
             Slain by a kobold
             ... wielding a +0 short sword
              (4 damage)
             ... on level 1 of the Dungeon.
             The game lasted 00:01:07 (134 turns).

innerfire43 the Trooper (Demonspawn Wanderer)        Turns: 134, Time: 00:01:08

Health: -1/21      AC:  2    Str: 11    XL:     1   Next: 16%
Magic:  0/2        EV: 11    Int: 16    God:
Gold:   23         SH:  0    Dex:  9    Spells: 1/2 levels left

rFire   . . .        a - +0 club
rCold   . . .        (no shield)
rNeg    . . .        c - +0 robe
rPois   .            (no helmet)
rElec   .            (no cloak)
rCorr   .            (no gloves)
SInv    .            (no boots)
Will    .....        (no amulet)
Stlth   +            (no ring)
HPRegen 0.23/turn    (no ring)
MPRegen 0.08/turn

%: no passive effects
@: very slightly contaminated
A: no striking features
a: no special abilities


You were on level 1 of the Dungeon.
You visited 1 branch of the dungeon, and saw 1 of its levels.

You collected 23 gold pieces.

Inventory:

Hand Weapons
 a - a +0 club (weapon)
Armour
 c - a +0 robe (worn)
Scrolls
 b - a scroll of blinking
Potions
 d - a potion of lignification
 e - a potion of mutation {unknown}


   Skills:
 + Level 5.0 Fighting
 + Level 0.1 Maces & Flails
 + Level 0.0 Dodging
 + Level 1.0 Spellcasting
 + Level 0.0 Conjurations
 - Level 1.0 Hexes
 + Level 3.0 Alchemy


You had one spell level left.
You knew the following spells:

 Your Spells              Type           Power      Damage    Failure   Level
a - Sting                 Conj/Alch      20%        1d4       12%         1

Your spell library contained the following spells:

 Spells                   Type           Power      Damage    Failure   Level
 Slow                     Hex            16%        N/A       16%         1
 Mercury Vapours          Alch/Air       10%        N/A       19%         2
 Confusing Touch          Hex            4%         N/A       41%         3
 Fulminant Prism          Conj/Alch      2%         3d5       77%         4


Dungeon Overview and Level Annotations

Branches:
Dungeon (1/15)

Altars:


Message History

The kobold barely misses you.
The kobold hits you with a +0 short sword.
The kobold hits you with a +0 whip. The kobold hits you but does no damage.
You barely miss the kobold.
The kobold is moderately wounded.
The kobold barely misses you. The kobold misses you.
You hit the kobold.
The kobold is severely wounded.
The kobold barely misses you.
The kobold hits you with a +0 short sword.
Casting: Sting (safe; 12% risk of failure)
Confirm with . or Enter, or press ? or * to list all spells.
Aiming: Sting (safe; 12% risk of failure)
Press: ? - help, Shift-Dir - straight line, f - kobold
Aim: a kobold, wielding a +0 whip (severely wounded, 60% to hit)
The sting hits the kobold.
The kobold is poisoned.
You kill the kobold!
The kobold hits you but does no damage.
You hit the kobold but do no damage. The kobold barely misses you.
The kobold hits you with a +0 short sword.
* * * LOW HITPOINT WARNING * * *
You closely miss the kobold. The kobold closely misses you.
You barely miss the kobold.
The kobold hits you with a +0 short sword.
* * * LOW HITPOINT WARNING * * *
Casting: Sting (safe; 12% risk of failure)
Confirm with . or Enter, or press ? or * to list all spells.
Aiming: Sting (safe; 12% risk of failure)
Press: ? - help, Shift-Dir - straight line, f - kobold
Aim: a kobold, wielding a +0 short sword and quivering stones (60% to hit)
You miscast Sting.
You are very lightly contaminated with residual magic.
Nothing appears to happen.
The kobold hits you but does no damage.
Casting: Sting (safe; 12% risk of failure)
Confirm with . or Enter, or press ? or * to list all spells.
You don't have enough magic to cast this spell.
Unknown command.
You closely miss the kobold.
The kobold hits you with a +0 short sword.
You die...

###....# ### .#...
#...##.# .# ##.#.#
#.####.# .. ##.....#. #.#
#.# .# ####..#.#... ##.#
#.# .###....#......
...####.###.#...##.....###
...........##.##..........
#######.##.......#########
#.##....#.@)..#
#.##.#####K##..... #....#
#....##### #..### #....#
#### #....# #....# ######


You could see a kobold.

Vanquished Creatures
  A kobold (D:1)
  A rat (D:1)
2 creatures vanquished.

Notes
Turn   | Place    | Note
-------+----------+-------------------------------------------
     0 | D:1      | innerfire43 the Demonspawn Wanderer began the quest for the
                  | Orb.
     0 | D:1      | innerfire43 set off with the following items: a +0 club, a
                  | scroll of blinking, a +0 robe, a potion of lignification;
                  | and the following spells available to memorise: Sting,
                  | Slow, Mercury Vapours, Confusing Touch, Fulminant Prism.
     0 | D:1      | Reached XP level 1. HP: 21/21 MP: 2/2
     2 | D:1      | Learned a level 1 spell: Sting
     8 | D:1      | Noticed a four-headed hydra
     8 | D:1      | Noticed a polar bear
     8 | D:1      | Noticed an anaconda
     9 | D:1      | Noticed a wolf
   134 | D:1      | Slain by a kobold

Illustrated notes

Levels and vault maps discovered:
D:1:      onia_arrival_zoo_common, layout_rooms, nicolae_twisty_statue_hallways

Action                     || total
---------------------------++-------
  Melee: Club              ||    10
   Cast: Sting             ||     1
 Armour: Robe              ||    14
  Dodge: Dodged            ||     8

Table legend: (Time is in decaauts)
 A = Elapsed time spent in this place.
 B = Non-inter-level travel time spent in this place.
 C = Inter-level travel time spent in this place.
 D = Time resting spent in this place.
 E = Time spent auto-exploring this place.
 F = Levels seen in this place.
 G = Mean time per level.
                   A        B        C        D        E       F      G
               +--------+--------+--------+--------+--------+-----+--------+
         Total |    136 |    136 |      0 |      0 |      0 |   1 |  136.0 |
       Dungeon |    136 |    136 |      0 |      0 |      0 |   1 |  136.0 |
               +--------+--------+--------+--------+--------+-----+--------+

Top non-repeatable levels by time:
     D:1: 136 daAuts
